 Dungeon Crawl Stone Soup version 0.27.0-1-g7a089689b8 (webtiles) character file.

Game seed: 11479474742017738567

644 inmateoo the Stinger (level 7, -2/55 HPs)
             Began as a Demigod Venom Mage on Aug 7, 2021.
             Splashed by a jelly's acid (8 damage)
             ... on level 5 of the Dungeon.
             The game lasted 00:07:44 (5832 turns).

inmateoo the Stinger (Demigod Venom Mage)           Turns: 5832, Time: 00:07:45

Health: -2/55      AC: -4    Str:  9    XL:     7   Next: 5%
Magic:  19/24      EV: 13    Int: 31    God:
Gold:   260        SH:  0    Dex: 14    Spells: 2/12 levels left

rFire    . . .     SeeInvis .   t - +3 whip
rCold    . . .     Faith    .   (no shield)
rNeg     . . .     Spirit   .   a - +0 robe
rPois    .         Reflect  .   l - +0 helmet
rElec    .         Harm     .   (no cloak)
rCorr    .         Rampage  .   d - +0 pair of gloves
Will     .....                  (no boots)
Stlth    ++........             (no amulet)
HPRegen  0.18/turn              e - ring of magical power
MPRegen  0.19/turn              j - +6 ring of intelligence

@: corroded, attractive
A: high mp 1, forlorn
a: no special abilities


You were on level 5 of the Dungeon.
You visited 1 branch of the dungeon, and saw 5 of its levels.

You collected 260 gold pieces.

Inventory:

Hand Weapons
 t - a +3 whip (weapon)
Armour
 a - a +0 robe (worn)
 d - a +0 pair of gloves (worn)
 l - a +0 helmet (worn)
Jewellery
 e - a ring of magical power (left hand)
 j - a +6 ring of intelligence (right hand)
 k - a ring of poison resistance
 p - a ring of ice
Scrolls
 g - 2 scrolls of fog
 h - 2 scrolls of enchant armour
 m - a scroll of magic mapping
Potions
 f - a potion of curing {unknown}
 i - 2 potions of lignification {unknown}
 o - a potion of haste {unknown}
 q - a potion of cancellation {unknown}
 r - a potion of mutation {unknown}


   Skills:
 + Level 2.1 Fighting
 + Level 3.0 Dodging
 + Level 3.0 Stealth
 * Level 3.4 Spellcasting
 + Level 1.6 Conjurations
 + Level 2.4 Transmutations
 + Level 1.7 Air Magic
 + Level 3.9 Poison Magic


You had 2 spell levels left.
You knew the following spells:

 Your Spells              Type           Power      Damage    Failure   Level
a - Sting                 Tmut/Pois      100%       1d8       1%          1
b - Poisonous Vapours     Pois/Air       46%        N/A       3%          2
c - Mephitic Cloud        Conj/Pois/Air  20%        N/A       7%          3
d - Olgreb's Toxic Radia  Pois           30%        N/A       12%         4

Your spell library contained the following spells:

 Spells                   Type           Power      Damage    Failure   Level


Dungeon Overview and Level Annotations

Branches:
Dungeon (5/15)             Temple (0/1) D:5

Shops:
D:2 [

Annotations:
D:3 2 runed translucent doors, Setanta's ghost, amateur GrFi


Innate Abilities, Weirdness & Mutations

Your attributes grow dramatically as you level up.
You have an increased reservoir of magic. (+10% MP)
You shall have no god before yourself.


Message History

Casting: Sting (safe; 1% risk of failure)
Confirm with . or Enter, or press ? or * to list all spells.
Aiming: Sting (safe; 1% risk of failure)
Press: ? - help, Shift-Dir - straight line, f/p - jelly
Aim: a jelly (moderately wounded, poisoned, 100% to hit)
You miscast Sting.
You are very lightly contaminated with residual magic.
Nothing appears to happen.
The jelly closely misses you.
You hit the jelly.
Your hands burn!
The jelly is moderately wounded.
The jelly closely misses you.
You hit the jelly.
Your hands burn!
The jelly is heavily wounded.
The jelly hits you but does no damage.
You hit the jelly. The acid corrodes you!
Your hands burn!
The jelly is heavily wounded.
The jelly barely misses you.
You hit the jelly.
Your hands burn!
The jelly is heavily wounded.
The jelly looks more healthy.
The jelly hits you. The acid corrodes you!
You are splashed with acid!
The jelly hits you.
You are splashed with acid!
* * * LOW HITPOINT WARNING * * *
You are too injured to fight recklessly!
You hit the jelly but do no damage.
Your hands burn!
* * * LOW HITPOINT WARNING * * *
The jelly is heavily wounded.
The jelly misses you.
Your magical contamination has completely faded away.
Okay, then.
As you read the scroll labelled VUMILE MEEK, it crumbles to dust.
It is a scroll of amnesia.
Really abort (and waste the scroll)?
Okay, then.
The jelly closely misses you.
It was a potion of attraction.
You feel attractive to monsters. The jelly hits you.
* * * LOW HITPOINT WARNING * * *
You are splashed with acid!
You die...

#.. #.... . #.... ..#....
.......## #
...?....########.#
.................#
.................#..
#.....J@........#....###
.......#...#..........+.(
##.....#..)#####.#....#..
.....#.#.#........... ...
##....###....#.....# ...
#..# ..#...#.......# ...
... #.....#........# ...
.# ##.>.#####.....# #..
#.....#...(....# #.#


You could see a jelly.

Vanquished Creatures
  A centaur (D:5)
  A howler monkey (D:5)
  A centaur zombie (D:5)
  A hound (D:4)
  A jelly (D:4)
  Terence (D:3)
  An iguana (D:4)
  Natasha (thrice) (D:4)
  3 orc wizards
  2 hound skeletons (D:4)
  A howler monkey skeleton (D:4)
  6 gnolls
  4 adders
  3 worms
  2 dart slugs (D:2)
  8 orcs
  7 bats
  9 endoplasms
  2 giant cockroaches
  5 goblins
  4 hobgoblins
  7 jackals
  3 quokkas
  8 ball pythons
  2 frilled lizards
  6 kobolds
  6 rats
98 creatures vanquished.

Vanquished Creatures (others)
  14 plants (D:4)
14 creatures vanquished.

Grand Total: 112 creatures vanquished

Notes
Turn   | Place    | Note
-------+----------+-------------------------------------------
     0 | D:1      | inmateoo the Demigod Venom Mage began the quest for the
                  | Orb.
     0 | D:1      | Reached XP level 1. HP: 14/14 MP: 5/5
   134 | D:1      | Reached skill level 1 in Transmutations
   168 | D:1      | Reached XP level 2. HP: 20/20 MP: 5/7
  1161 | D:2      | Found Kamuamif's Antique Armour Emporium.
  1166 | D:2      | Reached XP level 3. HP: 27/27 MP: 8/8
  1169 | D:2      | Learned a level 2 spell: Poisonous Vapours
  1603 | D:2      | Learned a level 3 spell: Mephitic Cloud
  2033 | D:2      | Reached skill level 1 in Fighting
  2207 | D:2      | Reached XP level 4. HP: 32/35 MP: 10/10
  3290 | D:3      | Reached XP level 5. HP: 26/40 MP: 11/11
  3291 | D:3      | Found a runed translucent door.
  3327 | D:3      | Reached skill level 1 in Air Magic
  3406 | D:3      | Found a runed translucent door.
  3475 | D:3      | Noticed Setanta's ghost (amateur GrFi)
  3491 | D:3      | Noticed Terence
  3505 | D:3      | Killed Terence
  3872 | D:4      | Reached skill level 1 in Conjurations
  4187 | D:4      | Noticed Natasha
  4203 | D:4      | Killed Natasha
  4349 | D:4      | Reached XP level 6. HP: 38/47 MP: 4/13
  4482 | D:4      | Learned a level 4 spell: Olgreb's Toxic Radiance
  4485 | D:4      | Noticed Natasha
  4491 | D:4      | Killed Natasha
  4654 | D:4      | Noticed Natasha
  4661 | D:4      | Killed Natasha
  5314 | D:5      | Entered Level 5 of the Dungeon
  5575 | D:5      | Reached XP level 7. HP: 28/55 MP: 14/15
  5797 | D:5      | Found a staircase to the Ecumenical Temple.
  5832 | D:5      | Splashed by a jelly's acid

Illustrated notes

Levels and vault maps discovered:
D:1:      lightli_arrival_statuegarden, layout_basic,
          hellmonk_ecumenical_altar_prayer_group,
          hangedman_abyss_or_decor_lesser_grid
D:2:      minmay_razor_zed, layout_loops_ring, serial_shops, shop,
          minmay_tripent
D:3:      wad_pebble_path, layout_loops_ring, ebering_ghost_sewer_f,
          uniq_terence
D:4:      layout_rooms, serial_bayou, serial_bayou_shore_b, serial_bayou_pond_a,
          serial_bayou_shore_a, serial_bayou_shore_b, uniq_natasha
D:5:      kennysheep_windowed_halls, layout_basic, minmay_temple_entry_arrows,
          cheibrodos_sewer_entry_bend, minmay_hedge_maze

Skill      XL: |  1  2  3  4  5  6  7 |
---------------+----------------------+-----
Poison Magic   | 3 |  3.9
Dodging        | 2 3 |  3.0
Transmutations | 1 2 |  2.4
Stealth        | 2 3 |  3.0
Spellcasting   | 2 3 |  3.4
Fighting       | 1 2 |  2.1
Air Magic      | 1 |  1.7
Conjurations   | 1 |  1.6

Action                   |  1- 3 |  4- 6 |  7- 9 || total
-------------------------+-------+-------+-------++-------
Melee: Whip              |    28 |    20 |    17 ||    65
       Unarmed           |     2 |       |       ||     2
       Glaive            |    13 |       |       ||    13
       Spear             |    61 |   103 |       ||   164
       Long sword        |       |     9 |       ||     9
 Cast: Sting             |    31 |    42 |     2 ||    75
       Poisonous Vapours |     4 |    85 |       ||    89
       Olgreb's Toxic Ra |       |     2 |     1 ||     3
       Mephitic Cloud    |       |     2 |       ||     2
  Use: Scroll            |     3 |     5 |     1 ||     9
       Potion            |       |       |     1 ||     1
 Stab: Sleeping          |     7 |     6 |       ||    13
Armor: Robe              |    25 |    60 |    11 ||    96
Dodge: Dodged            |    91 |   134 |    31 ||   256
       Rpst.: Long sword |       |     2 |       ||     2
